 Seeded DCSS version 0.27-a0-819-g058290f16d (webtiles) character file.

Game seed: 20210329 (custom seed)

6249 Snicker the Covert (level 10, -3/72 HPs)
             Began as a Demonspawn Brigand on Mar 29, 2021.
             Was an Initiate of Gozag.
             Slain by a meliai
             ... wielding a +0 war axe
              (4 damage)
             ... on level 10 of the Dungeon.
             The game lasted 00:18:14 (9627 turns).

Snicker the Covert (Demonspawn Brigand)             Turns: 9627, Time: 00:18:16

Health: -3/72      AC: 10    Str: 17    XL:     10   Next: 62%
Magic:  10/10      EV: 13    Int: 14    God:    Gozag
Gold:   493        SH:  4    Dex: 17    Spells: 5/9 levels left

rFire    . . .     SeeInvis .   a - +4 dagger (venom)
rCold    . . .     Faith    .   (no shield)
rNeg     + . .     Spirit   .   C - +0 acid dragon scales
rPois    +         Reflect  .   (helmet restricted)
rElec    .         Harm     .   c - +0 cloak
rCorr    +         Rampage  .   k - +0 pair of gloves
Will     .....                  R - +0 pair of boots
Stlth    ++++......             m - amulet of regeneration
HPRegen  1.22/turn              n - ring of Rymiatom {rPois rN+}
MPRegen  0.12/turn              K - +6 ring of strength

@: brilliant, gold aura
A: antennae 2, powered by pain 2, condensation shield
a: Renounce Religion, Potion Petition, Call Merchant, Bribe Branch


You were on level 10 of the Dungeon.
You worshipped Gozag.
Gozag was aware of your devotion.
You visited 2 branches of the dungeon, and saw 11 of its levels.

You collected 1219 gold pieces.
You spent 187 gold pieces at shops.
You paid 539 gold pieces to Gozag.

Inventory:

Hand Weapons
 a - a +4 dagger of venom (weapon)
 b - a +5 short sword of electrocution
 l - a +2 dagger
 E - the +7 whip of the Crawling Thing {flame, Str+4}
   (You bought it in a shop on level 1 of the Dungeon)

   It has been specially enchanted to burn those struck by it, causing extra
   injury to most foes and up to half again as much damage against particularly
   susceptible opponents.
   It affects your strength (+4).
Missiles
 d - 27 poisoned darts
 e - 2 curare-tipped darts
 x - 13 javelins (quivered)
 F - 6 datura-tipped darts
 L - 8 atropa-tipped darts
Armour
 c - a +0 cloak (worn)
 g - a +0 robe
 k - a +0 pair of gloves (worn)
 C - +0 acid dragon scales (worn)
 R - a +0 pair of boots (worn)
Jewellery
 f - an amulet of the acrobat
 i - a ring of wizardry
 m - an amulet of regeneration (around neck)
 n - the ring of Rymiatom (left hand) {rPois rN+}
   (You found it on level 6 of the Dungeon)

   [ring of poison resistance]

   It protects you from poison.
   It protects you from negative energy.
 t - an amulet of guardian spirit
 w - a ring of willpower
 K - a +6 ring of strength (right hand)
Wands
 G - a wand of acid (7)
 M - a wand of digging (13)
 N - a wand of paralysis (8)
 O - a wand of flame (61)
 S - a wand of polymorph (4)
Scrolls
 j - 2 scrolls of vulnerability {unknown}
 o - a scroll of blinking
 p - 2 scrolls of teleportation
 q - 7 scrolls of identify
 u - 2 scrolls of enchant weapon
 v - 3 scrolls of amnesia {unknown}
 y - a scroll of magic mapping {unknown}
 B - 2 scrolls of fear {unknown}
 H - a scroll of enchant armour {unknown}
 T - a scroll of summoning {unknown}
Potions
 h - a potion of berserk rage {unknown}
 r - 2 potions of mutation {unknown}
 s - 2 potions of resistance
 z - 5 potions of curing
 A - a potion of ambrosia {unknown}
 D - 2 potions of brilliance
 I - a potion of heal wounds {unknown}
 J - a potion of cancellation
 P - a potion of invisibility {unknown}
 Q - a potion of lignification {unknown}
 U - a potion of flight {unknown}
 V - a potion of haste {unknown}


   Skills:
 + Level 4.2 Fighting
 * Level 8.6 Short Blades
 + Level 1.8 Maces & Flails
 + Level 1.9 Throwing
 + Level 3.8 Armour
 + Level 4.6 Dodging
 * Level 9.2 Stealth
 + Level 2.6 Shields
 * Level 4.7 Translocations


You had 5 spell levels left.
You knew the following spells:

 Your Spells              Type           Power      Damage    Failure   Level
a - Blink                 Tloc           N/A        N/A       9%          2
b - Wereblood             Tmut           0%         N/A       50%         2

Your spell library contained the following spells:

 Spells                   Type           Power      Damage    Failure   Level
 Beastly Appendage        Tmut           0%         N/A       36%         1
 Magic Dart               Conj           0%         1d3       36%         1
 Call Imp                 Summ           0%         N/A       50%         2
 Slow                     Hex            0%         N/A       50%         2
 Conjure Flame            Conj/Fire      0%         6-21      75%         3
 Mephitic Cloud           Conj/Pois/Air  0%         N/A       75%         3
 Spider Form              Tmut/Pois      0%         N/A       75%         3
 Animate Dead             Necr           0%         N/A       98%         4
 Dispel Undead            Necr           0%         3d6       98%         4
 Hailstorm                Conj/Ice       0%         3d3       98%         4
 Ice Form                 Ice/Tmut       0%         N/A       98%         4
 Agony                    Necr           0%         N/A       100%        5
 Blade Hands              Tmut           0%         N/A       100%        5


Dungeon Overview and Level Annotations

Branches:
Dungeon (10/15)            Temple (1/1) D:6            Lair (0/6) D:10
    Orc (0/2) D:9

Altars:
Ashenzari
Cheibriados
Dithmenos
Elyvilon
Gozag
Kikubaaqudgha
Makhleb
Nemelex Xobeh
Okawaru
Qazlal
Ru
Sif Muna
Trog
Uskayaw
Vehumet
Xom
Yredelemnul
Zin
The Shining One

Shops:
D:1 (   D:10 =

Annotations:
D:3 1 runed translucent door, Demosthentine's ghost, amateur MfGl


Innate Abilities, Weirdness & Mutations

You have a pair of antennae on your head.
You sometimes gain power by taking damage.
A meltable shield of frost defends you. (SH +4)


Message History

The meliai hits you with a +0 war axe! The meliai completely misses you.
You closely miss the meliai.
The meliai is lightly wounded.
The meliai mumbles some strange prayers to its god against you.
Something smites you!
* * * LOW HITPOINT WARNING * * *
Unknown command.
Aiming: Corrosive Bolt
Press: ? - help, Shift-Dir - straight line, f - meliai
Aim: a meliai, wielding a +0 war axe and wearing a +3 leather armour of willpower (43% to evade)
The bolt of acid hits the meliai.
The meliai is splashed with acid.
The acid corrodes the meliai!
The meliai is almost dead.
The bolt of acid hits the meliai.
The meliai is splashed with acid.
The acid corrodes the meliai!
The meliai is moderately wounded.
The bolt of acid misses the meliai.
You kill the meliai!
You block the meliai's attack.
The meliai stings you but does no damage.
Aiming: Corrosive Bolt
Press: ? - help, Shift-Dir - straight line, f/p - meliai
Aim: a meliai, wielding a +0 war axe and wearing a +3 leather armour of willpower (43% to evade)
The bolt of acid hits the meliai!
The meliai is splashed with acid.
The meliai is almost dead.
The bolt of acid misses the meliai.
The meliai misses you. x2
The meliai calls upon its god to heal the meliai.
The meliai is healed somewhat.
The meliai hits you with a +0 war axe!
* * * LOW HITPOINT WARNING * * *
The meliai barely misses you.
Unknown command.
It was a potion of brilliance.
You feel clever all of a sudden. The meliai hits you with a +0 war axe!
* * * LOW HITPOINT WARNING * * *
The meliai stings you.
* * * LOW HITPOINT WARNING * * *
The meliai hits you with a +0 war axe.
You die...
Your body crumbles into a pile of gold.

### +.. ## #+#
#.############.#
#..yy@.......#.#######
############.#.#......
#.....##...
#.....#....
#.....#..##
#..........
###.###.### #.# #.#
#.# #..


You could see 2 meliai.

Vanquished Creatures
  A kobold demonologist (D:9)
  A meliai (D:10)
  2 trolls
  Prince Ribbit (D:6)
  2 wyverns (D:9)
  Eustachio (D:4)
  Menkaure (D:4)
  Edmund (D:5)
  2 acid dragons
  A water moccasin (D:9)
  3 orc warriors
  4 sky beasts
  A hornet zombie (D:8)
  3 ogres (D:6)
  A necrophage (D:4)
  3 wolves (D:10)
  6 centaurs
  3 kobold brigands
  3 bullfrogs
  A water moccasin zombie (D:6)
  A scorpion (D:4)
  A water moccasin skeleton (D:7)
  6 killer bees
  3 vampire bats (D:5)
  7 wights
  A howler monkey (D:6)
  An electric eel (D:10)
  A bullfrog zombie (D:5)
  5 centaur zombies
  8 orc priests
  A jelly (D:4)
  A centaur skeleton (D:6)
  5 hounds (D:10)
  5 iguanas
  5 orc wizards
  A howler monkey zombie (D:10)
  4 adders
  A shadow imp (D:7)
  5 white imps
  2 dart slugs (D:1)
  23 orcs
  5 ball pythons
  10 bats
  5 endoplasms
  4 giant cockroaches
  7 goblins
  6 hobgoblins
  9 jackals (D:2)
  2 quokkas
  2 frilled lizards
  20 kobolds
  2 rats
200 creatures vanquished.

Vanquished Creatures (others)
  A plant (D:2)
1 creature vanquished.

Grand Total: 201 creatures vanquished

Notes
Turn   | Place    | Note
-------+----------+-------------------------------------------
     0 | D:1      | Snicker the Demonspawn Brigand began the quest for the Orb.
     0 | D:1      | Reached XP level 1. HP: 16/16 MP: 1/1
    30 | D:1      | Reached skill level 1 in Dodging
   632 | D:1      | Reached skill level 4 in Stealth
   634 | D:1      | Gained mutation: A meltable shield of frost defends you.
                  | (SH +4) [demonic ancestry]
   634 | D:1      | Reached XP level 2. HP: 9/22 MP: 2/2
  1238 | D:1      | Found Jefeures's Antique Weapon Shop.
  1474 | D:2      | Gained mutation: You sometimes gain a little power by
                  | taking damage. [demonic ancestry]
  1474 | D:2      | Reached XP level 3. HP: 27/27 MP: 3/3
  1775 | D:2      | Identified the Handbook of the Evil Frostbite
  2602 | D:3      | Reached XP level 4. HP: 31/33 MP: 4/4
  2704 | D:3      | Found a runed translucent door.
  2710 | D:3      | Noticed a bullfrog
  2717 | D:3      | Noticed Demosthentine's ghost (amateur MfGl)
  3123 | D:4      | Reached skill level 5 in Stealth
  3123 | D:4      | Gained mutation: You sometimes gain power by taking damage.
                  | [demonic ancestry]
  3123 | D:4      | Reached XP level 5. HP: 14/38 MP: 5/5
  3153 | D:4      | Noticed Eustachio
  3170 | D:4      | Killed Eustachio
  3171 | D:4      | Reached XP level 6. HP: 40/44 MP: 6/6
  3640 | D:4      | Found a sparkling altar of Nemelex Xobeh.
  3742 | D:4      | Noticed Menkaure
  4125 | D:4      | Killed Menkaure
  4126 | D:4      | Reached skill level 6 in Stealth
  4126 | D:4      | Gained mutation: You have a pair of small antennae on your
                  | head. [demonic ancestry]
  4126 | D:4      | Reached XP level 7. HP: 19/51 MP: 7/7
  4252 | D:1      | Bought a smoking whip for 187 gold pieces
  4252 | D:1      | Identified the +7 whip of the Crawling Thing {flame, Str+4}
                  | (You bought it in a shop on level 1 of the Dungeon)
  4688 | D:5      | Entered Level 5 of the Dungeon
  4754 | D:5      | Found a shadowy altar of Dithmenos.
  4893 | D:5      | Learned a level 2 spell: Blink
  4927 | D:5      | Noticed Edmund
  4935 | D:5      | Reached skill level 1 in Shields
  4946 | D:5      | HP: 2/51 [Edmund/+0 flail of holy wrath (13)]
  4948 | D:5      | Killed Edmund
  5030 | D:5      | Reached skill level 5 in Short Blades
  5030 | D:5      | Reached skill level 1 in Maces & Flails
  5030 | D:5      | Reached skill level 1 in Translocations
  5366 | D:5      | Gained mutation: You have a pair of antennae on your head.
                  | [demonic ancestry]
  5366 | D:5      | Reached XP level 8. HP: 57/57 MP: 8/8
  5850 | D:6      | Reached skill level 1 in Armour
  5850 | D:6      | Reached skill level 7 in Stealth
  5946 | D:6      | Noticed Prince Ribbit
  6009 | D:6      | Killed Prince Ribbit
  6034 | D:6      | Found a staircase to the Ecumenical Temple.
  6045 | Temple   | Entered the Ecumenical Temple
  6084 | Temple   | Became a worshipper of Gozag Ym Sagoz the Greedy
  6120 | D:6      | Reached XP level 9. HP: 47/63 MP: 9/9
  6302 | D:6      | Identified the ring of Rymiatom {rPois rN+}
  6921 | D:7      | Found a broken altar of Ashenzari.
  7700 | D:8      | Reached skill level 8 in Stealth
  8056 | D:9      | Found a staircase to the Orcish Mines.
  8207 | D:9      | Reached XP level 10. HP: 23/71 MP: 10/10
  8480 | D:9      | Learned a level 2 spell: Wereblood
  8961 | D:10     | Entered Level 10 of the Dungeon
  9245 | D:10     | Reached skill level 9 in Stealth
  9273 | D:10     | Found a staircase to the Lair.
  9627 | D:10     | HP: 1/72 [meliai/+0 war axe (3)]
  9627 | D:10     | Slain by a meliai

Illustrated notes

Levels and vault maps discovered:
D:1:      sevenhm_arrival_forest_fort_small_3, layout_basic, serial_shops, shop
D:2:      layout_basic, serial_forest, infiniplex_forest_end_2,
          infiniplex_forest_straight_4, infiniplex_forest_clump_medium,
          infiniplex_forest_corner_1, infiniplex_forest_lined_corner,
          infiniplex_forest_clump_small, infiniplex_forest_pool,
          infiniplex_forest_straight_4, infiniplex_forest_clump_double,
          infiniplex_forest_fountain
D:3:      layout_basic, ebering_ghost_sewer_d
D:4:      layout_layer_cave, kennysheep_little_box, uniq_menkaure,
          uniq_eustachio
D:5:      layout_basic, roderic_batcave, nicolae_dithmenos_shadow_blocks,
          uniq_edmund
D:6:      layout_loops_ring, minmay_temple_entry_mini_moons, uniq_prince_ribbit1
D:7:      layout_basic, basic_altar, minmay_misc_feat_rugged,
          minmay_misc_feat_enclosed
D:8:      layout_cave_pools, kennysheep_small_square
D:9:      layout_loops_ring, orc_0_dummy
D:10:     layout_loops_corners, erik_lair_island, serial_shops, shop
Temple:   grunt_wide_crystal_templ

Skill      XL: |  1  2  3  4  5  6  7  8  9 10 |
---------------+-------------------------------+-----
Dodging        | 1 2 3 4 |  4.6
Stealth        | 4 5 6 7 8 9 |  9.2
Short Blades   | 2 3 4 5 6 7 8 |  8.6
Shields        | 1 2 |  2.6
Maces & Flails | 1 |  1.8
Translocations | 1 2 4 |  4.7
Armour         | 2 3 |  3.8
Fighting       | 3 4 |  4.2
Throwing       | |  1.9

Action                   |  1- 3 |  4- 6 |  7- 9 | 10-12 || total
-------------------------+-------+-------+-------+-------++-------
Melee: Dagger            |   125 |   100 |   277 |   170 ||   672
       Short sword       |       |       |    90 |    19 ||   109
Invok: Call Merchant     |       |       |       |     1 ||     1
Evoke: Wand              |       |       |       |     2 ||     2
  Use: Scroll            |       |     2 |     2 |       ||     4
       Potion            |       |     1 |     3 |     1 ||     5
 Stab: Sleeping          |     6 |     7 |    16 |     7 ||    36
       Distracted        |       |       |     1 |     1 ||     2
Armor: Robe              |    25 |    15 |     2 |       ||    42
       Acid dragon scale |       |       |   138 |    47 ||   185
Dodge: Dodged            |    56 |    48 |   214 |    76 ||   394
Block: Other             |    13 |    11 |    60 |    30 ||   114

Table legend: (Time is in decaauts)
 A = Elapsed time spent in this place.
 B = Non-inter-level travel time spent in this place.
 C = Inter-level travel time spent in this place.
 D = Time resting spent in this place.
 E = Time spent auto-exploring this place.
 F = Levels seen in this place.
 G = Mean time per level.
                   A        B        C        D        E       F      G
               +--------+--------+--------+--------+--------+-----+--------+
         Total |   9409 |   8916 |    493 |   1080 |   5855 |  11 |  855.4 |
       Dungeon |   9360 |   8876 |    484 |   1080 |   5823 |  10 |  936.0 |
        Temple |     48 |     39 |      9 |      0 |     32 |   1 |   48.0 |
               +--------+--------+--------+--------+--------+-----+--------+

Top non-repeatable levels by time:
     D:4: 1468 daAuts
     D:1: 1457 daAuts
     D:5: 1085 daAuts
     D:2: 1050 daAuts
     D:7: 829 daAuts
     D:9: 780 daAuts
     D:6: 768 daAuts
     D:3: 684 daAuts
    D:10: 621 daAuts
     D:8: 614 daAuts
  Temple: 48 daAuts
